AoeStats
← FGHJ

Socotra

504837289Analyzed
2v2 RM · 26d ago on Sep 6, 2026· 24m 57s· 4 players
Game mode
Random Map
Map size
Tiny (2 player)
Population
200
Speed
Normal
Resources
Standard
Victory
Conquest
Starting age
Dark Age
Ending age
Imperial Age
RankedLock teamsTeams togetherTeam positionsShared explorationLock speedFull tech treeHidden civsTurbo modeCheats
Victory
Defeat
🇳🇱 Goths · Netherlands
1205
+9
🇵🇪 Magyars · Peru
790
+75
🇦🇷 Maya · Argentina
1023
-17
🇦🇷 Vietnamese · Argentina
998
-16
FGHJ
9:17 Feudal Age
7:35 Loom
9:47 Double-Bit Axe
13:27 Horse Collar
21:47 Castle Age
20:32 Gold Mining
Sofia
1:07 Loom
9:41 Feudal Age
10:38 Man-at-Arms
14:46 Double-Bit Axe
18:56 Horse Collar
19:24 Scale Mail Armor
21:44 Castle Age
22:31 Long Swordsman
23:14 Squires
25:36 Scale Barding Armor
juanjosegramajo
0:35 Loom
12:57 Feudal Age
14:06 Double-Bit Axe
18:20 Scale Mail Armor
18:39 Arson
19:38 Wheelbarrow
26:10 Castle Age
Salvathor
11:25 Feudal Age
11:34 Loom
16:44 Fletching
Connection lost

Rejoining the realm…

Still unreachable

The connection could not be restored.

Session expired

The server has moved on; the page needs a fresh start.